 Dungeon Crawl Stone Soup version 0.22-a0-525-gf69a080 (webtiles) character file.

189 gmonis the Cudgeler (level 5, 0/45 HPs)
             Began as a Minotaur Berserker on June 20, 2018.
             Was a Believer of Trog.
             Succumbed to a worker ant's poison
             ... on level 3 of the Dungeon.
             The game lasted 00:02:28 (2253 turns).

gmonis the Cudgeler (Minotaur Berserker)            Turns: 2253, Time: 00:02:29

Health: 0/45       AC:  2    Str: 22    XL:     5   Next: 40%
Magic:  4/4        EV: 12    Int:  4    God:    Trog [**....]
Gold:   101        SH:  0    Dex: 10    Spells: 4/4 levels left

rFire    . . .     SeeInvis .   a - +0 mace
rCold    . . .     Gourm    .   (no shield)
rNeg     . . .     Faith    .   b - +0 animal skin
rPois    .         Spirit   .   (helmet restricted)
rElec    .         Reflect  .   (no cloak)
rCorr    .         Harm     .   (no gloves)
MR       .....                  (no boots)
Stlth    +.........             (no amulet)
HPRegen  0.15/turn              (no ring)
MPRegen  0.09/turn              (no ring)

@: lethally poisoned (0 -> -3), berserk cooldown, slowed, very slow
A: retaliatory headbutt, horns 2
a: Berserk, Trog's Hand, Renounce Religion


You were on level 3 of the Dungeon.
You worshipped Trog.
Trog was pleased with you.
You were hungry.

You visited 1 branch of the dungeon, and saw 3 of its levels.

You collected 101 gold pieces.

Inventory:

Hand Weapons
 a - a +0 mace (weapon)
Missiles
 d - 107 stones (quivered)
Armour
 b - a +0 animal skin (worn)
Jewellery
 q - an uncursed ring of positive energy {unknown}
Scrolls
 e - 4 scrolls of identify {unknown}
 f - a scroll of random uselessness {unknown}
 g - a scroll of noise {unknown}
 h - a scroll of teleportation {unknown}
 j - a scroll of magic mapping {unknown}
 l - a scroll of enchant weapon {unknown}
 n - 3 scrolls of amnesia {unknown}
 o - a scroll of fog {unknown}
Potions
 i - a potion of might {unknown}
 k - a potion of cancellation {unknown}
 m - a potion of lignification {unknown}
Comestibles
 c - 3 rations
 p - a chunk of flesh


   Skills:
 - Level 3.6 Fighting
 + Level 7.4 Maces & Flails
 - Level 2.4 Armour
 - Level 2.1 Dodging


You had 4 spell levels left.
You didn't know any spells.
Your spell library was empty.

Dungeon Overview and Level Annotations

Branches:
Dungeon (3/15)

Altars:
Ru
The Shining One


Innate Abilities, Weirdness & Mutations

You reflexively headbutt those who attack you in melee.
You have a pair of horns on your head.


Message History

The orc is lightly wounded.
You feel sick. The orc hits you with a mace. The orc misses you.
You hit the orc.
The orc is almost dead.
The orc hits you with a mace.
The orc hits you with a mace of protection.
* * * LOW HITPOINT WARNING * * *
The orc barely misses you.
You closely miss the orc.
You kill the orc!
Trog accepts your kill.
You feel sick. The orc hits you with a mace.
* * * LOW HITPOINT WARNING * * *
You hit the orc.
The orc is almost dead.
You feel sick. The orc hits you with a mace!
* * * LOW HITPOINT WARNING * * *
You hit the orc but do no damage.
The orc is almost dead.
You die...

.................
.................
>.......(.......
... .(.........
#.. ..........
#####.##.........
........[o)......
.......<(@.......
......###))...<..
##.## #.....$..
#...$....
##....... #......
###... ...


You could see an orc.

Vanquished Creatures
  Jessica (D:2)
  Terence (D:2)
  A worker ant (D:3)
  3 adders
  An ooze (D:1)
  3 worms (D:2)
  A dart slug (D:2)
  A leopard gecko (D:1)
  9 orcs (D:3)
  2 giant cockroaches
  5 goblins
  7 hobgoblins
  11 jackals
  A quokka (D:3)
  4 bats
  2 frilled lizards
  6 kobolds
  2 rats (D:1)
61 creatures vanquished.

Notes
Turn   | Place    | Note
-------+----------+-------------------------------------------
     0 | D:1      | gmonis the Minotaur Berserker began the quest for the Orb.
     0 | D:1      | Reached XP level 1. HP: 19/19 MP: 0/0
   120 | D:1      | Reached skill level 4 in Maces & Flails
   120 | D:1      | Reached XP level 2. HP: 26/26 MP: 1/1
   184 | D:1      | You fall through a shaft!
   297 | D:2      | Reached skill level 5 in Maces & Flails
   302 | D:2      | Reached XP level 3. HP: 31/31 MP: 2/2
   913 | D:1      | Reached ** piety under Trog
  1605 | D:2      | Noticed Terence
  1614 | D:2      | Killed Terence
  1614 | D:2      | Reached skill level 6 in Maces & Flails
  1614 | D:2      | Reached XP level 4. HP: 39/39 MP: 3/3
  1659 | D:2      | Found a sacrificial altar of Ru.
  1675 | D:2      | Found a glowing golden altar of the Shining One.
  1829 | D:2      | Noticed Jessica
  1834 | D:2      | Killed Jessica
  2235 | D:3      | Reached XP level 5. HP: 45/45 MP: 4/4
  2239 | D:3      | Reached skill level 7 in Maces & Flails
  2252 | D:3      | HP: 1/45 [orc/mace (8)]
  2253 | D:3      | Succumbed to a worker ant's poison

Vault maps used:
D:1:      dpeg_arrival_shelter, st_stairs_3, minmay_pentomino_x4
D:2:      lemuel_crystal_altar, nicolae_ru_awakened_eye, grunt_decor_resistance,
          uniq_jessica, uniq_terence
D:3:      uniq_ijyb

Skill      XL: |  1  2  3  4  5 |
---------------+----------------+-----
Maces & Flails | 4 5 6 7 |  7.4
Fighting       | |  3.6
Armour         | |  2.4
Dodging        | |  2.1

Action                   |  1- 3 |  4- 6 || total
-------------------------+-------+-------++-------
Melee: Mace              |    57 |    51 ||   108
       Headbutt          |     9 |    10 ||    19
Invok: Berserk           |     1 |     1 ||     2
  Eat: Chunk             |     3 |     2 ||     5
Armor: Animal skin       |     9 |     7 ||    16
Dodge: Dodged            |    47 |    42 ||    89

Table legend:
 A = Spawn XP
 B = Non-spawn XP
 C = Spawn XP percentage of total XP
 D = Spawn monster count
 E = Non-spawn monster count
 F = Spawn count percentage of total count
 G = Total turns spent on level
                    A         B        C        D         E        F      G
               +---------+---------+-------+---------+---------+-------+---------
         Total |       0 |     271 |   0.0 |       0 |      61 |   0.0 |  2253
               +---------+---------+-------+---------+---------+-------+---------
           D:1 |       0 |      35 |   0.0 |       0 |      18 |   0.0 |  1110
           D:2 |       0 |     140 |   0.0 |       0 |      26 |   0.0 |  1117
           D:3 |       0 |      96 |   0.0 |       0 |      17 |   0.0 |    26
               +---------+---------+-------+---------+---------+-------+---------
